 Dungeon Crawl Stone Soup version 0.22-a0-348-gd16d139 (webtiles) character file.

222 Amnesiac the Conjurer (level 5, 0/30 HPs)
             Began as a Deep Elf Conjurer on Apr 10, 2018.
             Was an Initiate of Ashenzari.
             Slain by Grinder (2 damage)
             ... while paralysed by Grinder
             ... on level 2 of the Dungeon.
             The game lasted 00:05:31 (2966 turns).

Amnesiac the Conjurer (Deep Elf Conjurer)           Turns: 2966, Time: 00:05:32

Health: 0/30       AC:  4    Str:  5    XL:     5   Next: 66%
Magic:  1/14       EV:  2    Int: 21    God:    Ashenzari [......]
Gold:   154        SH:  0    Dex: 15    Spells: 9/14 levels left

rFire    . . .     SeeInvis .   (no weapon)
rCold    . . .     Gourm    .   (no shield)
rNeg     . . .     Faith    .   a - +0 robe
rPois    .         Spirit   .   (no helmet)
rElec    .         Reflect  .   (no cloak)
rCorr    .         Harm     .   n - +1 pair of gloves
MR       .....                  (no boots)
Stlth    ++........             (no amulet)
HPRegen  0.10/turn              (no ring)
MPRegen  0.14/turn              (no ring)

@: paralysed
A: no striking features
a: Curse Item, Renounce Religion


You were on level 2 of the Dungeon.
You worshipped Ashenzari.
Ashenzari was noncommittal.
You were not hungry.

You visited 1 branch of the dungeon, and saw 3 of its levels.

You collected 154 gold pieces.

Inventory:

Missiles
 g - 51 stones (quivered)
 p - a throwing net
 q - 16 poisoned needles
Armour
 a - a +0 robe (worn)
 n - a +1 pair of gloves (worn)
Scrolls
 e - 2 scrolls of identify {!r, unknown}
 h - 2 scrolls of magic mapping {!r, unknown}
 i - a scroll of teleportation {!r, unknown}
 j - a scroll of enchant weapon {!r, unknown}
 k - a scroll of enchant armour {!r, unknown}
 o - a scroll of blinking {!r, unknown}
 r - a scroll of remove curse {!r}
Potions
 b - a potion of haste {!q, unknown}
 d - a potion of agility {!q, unknown}
 f - 2 potions of curing {!q}
 l - a potion of cancellation {!q, unknown}
 s - a potion of heal wounds {!q, unknown}
Comestibles
 c - 5 rations
 m - 6 chunks of flesh


   Skills:
 + Level 2.2 Fighting
 - Level 2.4 Dodging
 - Level 2.4 Stealth
 + Level 5.0 Spellcasting
 - Level 6.0 Conjurations


You had 9 spell levels left.
You knew the following spells:

 Your Spells              Type           Power        Failure   Level  Hunger
a - Magic Dart            Conj           ####         1%          1    None
d - Iskenderun's Mystic   Conj           ####....     9%          4    ####...


Dungeon Overview and Level Annotations

Branches:
Dungeon (3/15)

Altars:
Ashenzari
Trog

Annotations:
D:2 Grinder


Message History

Casting: Iskenderun's Mystic Blast (safe; 9% risk of failure)
Confirm with . or Enter, or press ? or * to list all spells.
Aiming: Magic Dart (safe; 1% risk of failure)
Press: ? - help, Shift-Dir - straight line, f/p - Grinder
Aim: Grinder (heavily wounded)
The magic dart hits Grinder.
Grinder is heavily wounded.
Unknown command.
Casting: Magic Dart (safe; 1% risk of failure)
Confirm with . or Enter, or press ? or * to list all spells.
Aiming: Magic Dart (safe; 1% risk of failure)
Press: ? - help, Shift-Dir - straight line, f/p - Grinder
Aim: Grinder (heavily wounded)
The magic dart hits Grinder.
Grinder is heavily wounded.
Unknown command.
Casting: Magic Dart (safe; 1% risk of failure)
Confirm with . or Enter, or press ? or * to list all spells.
Aiming: Magic Dart (safe; 1% risk of failure)
Press: ? - help, Shift-Dir - straight line, f/p - Grinder
Aim: Grinder (heavily wounded)
The magic dart hits Grinder.
Grinder is heavily wounded.
Grinder hits you.
You writhe in agony.
Unknown command.
Grinder hits you!
* * * LOW HITPOINT WARNING * * *
There is a stone staircase leading up, spattered with blood here.
Really quaff
f - 3 viscous dark potions {!q}?
It was a potion of curing {!q}.
You feel better. Grinder misses you. Grinder barely misses you.
You climb upwards.
There is a stone staircase leading down here.
Casting: Magic Dart (safe; 1% risk of failure)
Confirm with . or Enter, or press ? or * to list all spells.
Aiming: Magic Dart (safe; 1% risk of failure)
Press: ? - help, Shift-Dir - straight line, f - Grinder
Aim: Grinder (heavily wounded)
The magic dart hits Grinder.
Grinder is heavily wounded.
Grinder gestures at you.
You struggle to resist.
Unknown command.
Grinder blinks!
Grinder gestures at you.
You suddenly lose the ability to move!
Grinder gestures at you.
You shrug off the repeated paralysis!
Grinder says, "I used to sell toenails on the black market."
Grinder gestures at you.
You shrug off the repeated paralysis!
Grinder hits you!
* * * LOW HITPOINT WARNING * * *
You writhe in agony.
* * * LOW HITPOINT WARNING * * *
Grinder says, "You look like you could use a good racking."
Grinder hits you.
* * * LOW HITPOINT WARNING * * *
You writhe in agony.
* * * LOW HITPOINT WARNING * * *
Grinder hits you.
* * * LOW HITPOINT WARNING * * *
You writhe in agony.
You die...

#.# #.# #.# #.#.# #.# #.# #.#
####.#.# #.#
#.###'####....#.############# #.#
#.#.......................... #.#
#.#..........>...............
#.###.#...........#.#############
#.##............#.#.#
#.######.######5###.#### #.#
#........@......# #.#
#....#.#.###....# #.# #..<.#.#.#
#....# #.# #....#.#.# #....# #.#
#........# #....#
#.#######.#.....# #....##########
#...........#.#.# #..............
#########.#.....# ##.............
#.####### #.............


You could see Grinder.

Vanquished Creatures
  An orc priest (D:3)
  A gnoll (D:1)
  6 adders
  An ooze (D:3)
  7 worms
  2 dart slugs
  2 leopard geckos (D:2)
  3 orcs (D:3)
  11 bats
  2 giant cockroaches (D:2)
  10 goblins
  12 hobgoblins
  11 jackals
  A quokka (D:3)
  2 ball pythons
  5 frilled lizards
  9 kobolds
  11 rats
97 creatures vanquished.

Notes
Turn   | Place    | Note
-------+----------+-------------------------------------------
     0 | D:1      | Amnesiac the Deep Elf Conjurer began the quest for the Orb.
     0 | D:1      | Reached XP level 1. HP: 10/10 MP: 6/6
   201 | D:1      | Reached XP level 2. HP: 14/16 MP: 5/8
   558 | D:1      | Reached skill level 5 in Conjurations
   571 | D:1      | Reached XP level 3. HP: 20/20 MP: 3/10
   620 | D:1      | Found a shattered altar of Ashenzari.
   625 | D:1      | Reached skill level 1 in Fighting
  1267 | D:1      | Became a worshipper of Ashenzari the Shackled
  1283 | D:2      | Reached XP level 4. HP: 25/25 MP: 7/11
  1289 | D:2      | Learned a level 4 spell: Iskenderun's Mystic Blast
  2314 | D:3      | Reached XP level 5. HP: 30/30 MP: 8/13
  2418 | D:3      | Found a bloodstained altar of Trog.
  2496 | D:3      | Reached skill level 6 in Conjurations
  2897 | D:3      | Reached skill level 5 in Spellcasting
  2924 | D:3      | Noticed Grinder
  2960 | D:2      | Paralysed by Grinder for 7 turns
  2966 | D:2      | Slain by Grinder

Vault maps used:
D:1:      matt_arrival_diagonals, ashenzari_altar_1
D:3:      serial_park_tiny_2, trog_hazing_becter, uniq_grinder

Skill      XL: |  1  2  3  4  5 |
---------------+----------------+-----
Conjurations   | 5 6 |  6.0
Fighting       | 1 2 |  2.2
Spellcasting   | 4 5 |  5.0
Dodging        | |  2.4
Stealth        | |  2.4

Action                   |  1- 3 |  4- 6 || total
-------------------------+-------+-------++-------
 Cast: Magic Dart        |    73 |   148 ||   221
       Iskenderun's Myst |       |     2 ||     2
  Use: Potion            |       |     1 ||     1
  Eat: Chunk             |     1 |     5 ||     6
Armor: Robe              |     2 |     6 ||     8
Dodge: Dodged            |     8 |    25 ||    33

Table legend:
 A = Spawn XP
 B = Non-spawn XP
 C = Spawn XP percentage of total XP
 D = Spawn monster count
 E = Non-spawn monster count
 F = Spawn count percentage of total count
 G = Total turns spent on level
                    A         B        C        D         E        F      G
               +---------+---------+-------+---------+---------+-------+---------
         Total |       0 |     318 |   0.0 |       0 |      97 |   0.0 |  2966
               +---------+---------+-------+---------+---------+-------+---------
           D:1 |       0 |      73 |   0.0 |       0 |      37 |   0.0 |  1301
           D:2 |       0 |     113 |   0.0 |       0 |      27 |   0.0 |   965
           D:3 |       0 |     132 |   0.0 |       0 |      33 |   0.0 |   700
               +---------+---------+-------+---------+---------+-------+---------
